Unix NetHack Version 5.0.0-0 post-release - last build Jun 10 2026 00:39:30 (3ee93aec679c4c4259841fe613dc97188e26a321,branch:main).

Game began 2026-07-06 22:48:55, ended 2026-07-06 23:12:29.

IanCurtis, chaotic male elven Wizard

                                                    --------------
                                                    +............|
     ----------                                     |............|
     |........|#####                                .............|
     |....'@..|######                               |........<...|
     |.........### #########     -------------     #.............|
     - --------   # #############.*.........*|     #--------------
                                #|.*...*.....| #   #
                                 |...-----...-#### #
                                 |...|.{.|...|   ###
                                 |..*|{.{|*...   # #
                                 |...|.{.|..%|     `
                                 |...---.-...|
                                 |..*..*.....|
                                 |*.........*|
                                 -------------

IanCurtis the Thaumaturge  St:12 Dx:12 Co:15 In:20 Wi:10 Ch:10  Chaotic
Dlvl:6  $:0  HP:0(42) Pw:52(59) AC:10 Xp:6 T:3104  Burdened

Latest messages:
 You kill the floating eye!
 A brilliant blue potion shatters!
 You smell a peculiar odor...
 Call a brilliant blue potion: 
 You swap places with your housecat.
 You swap places with your dog.
 You see here 23 rocks.
 The dog drops a rock.
 The dog bites the brown pudding.
 The brown pudding bites the dog.
 The brown pudding bites!
 Your cloak of magic resistance rots!
 The dog misses the brown pudding.
 The housecat misses the brown pudding.
 You hear some noises.
 You hear some noises in the distance.
 You hear some noises.
 You hear some noises in the distance.
 You hear some noises in the distance.
 You hear some noises in the distance.
 You swap places with your dog.
 The lizard bites!
 You hear some noises in the distance.
 In what direction? h
 The spell hits the lizard!
 You miss the lizard.
 The lizard bites!
 You miss the lizard.
 The lizard bites!
 You hit the lizard!
 The lizard bites!
 You miss the lizard.
 The lizard bites!
 You hear some noises in the distance.
 The dog bites the giant bat.
 The giant bat misses the dog.
 The lizard bites!
 The dog bites the giant bat.
 The giant bat misses the dog.
 You climb up the stairs.
 The gold golem hits!
 You stop searching.
 The gold golem hits again!
 In what direction? <esc>
 The magical energy is released!
 Boing!
 The gold golem hits!
 The gold golem hits again!
 You die...
 Do you want your possessions identified? [ynq] (y) q

Inventory:
 Weapons  (')')
  q - a +0 orcish dagger
  a - a blessed +1 quarterstaff (weapon in hands)
 Armor    ('[')
  b - an uncursed rotted +0 cloak of magic resistance (being worn)
 Comestibles  ('%')
  H - an uncursed slime mold
  s - 5 uncursed food rations
  t - an uncursed tripe ration
  r - an uncursed lichen corpse
  V - an uncursed lizard corpse
 Scrolls  ('?')
  J - an uncursed scroll of blank paper
  B - an uncursed scroll of enchant weapon
  k - an uncursed scroll of identify
  v - a cursed scroll of identify
  P - an uncursed scroll of light
  i - an uncursed scroll of magic mapping
  j - an uncursed scroll of scare monster
 Spellbooks  ('+')
  m - an uncursed spellbook of drain life
  l - a blessed spellbook of force bolt
  K - an uncursed spellbook of healing
 Potions  ('!')
  h - an uncursed potion of enlightenment
  L - a blessed potion of extra healing
  M - a cursed potion of extra healing
  Q - an uncursed potion of gain energy
  T - an uncursed potion of healing
  N - a cursed potion of healing
  f - an uncursed potion of monster detection
  U - a blessed potion of object detection
  g - an uncursed potion of restore ability
  C - an uncursed potion of see invisible
 Rings    ('=')
  S - an uncursed -2 ring of adornment
  e - an uncursed ring of poison resistance
  F - an uncursed ring of slow digestion (on right hand)
 Wands    ('/')
  w - a wand of digging (0:4)
  I - a wand of fire (0:6)
  c - a wand of opening (0:7)
  R - a wand of probing (0:4)
  O - a wand of striking (0:8)
  D - a wand of teleportation (0:4)
  W - a wand of undead turning (0:6)
 Tools    ('(')
  o - an uncursed blindfold
  n - a magic marker (0:19)
  d - a rusty +0 pick-axe

IanCurtis the Wizard's attributes:

Background:
 You were a Thaumaturge, a level 6 male elven Wizard.
 You were chaotic, nominally on a mission for Anhur
 who was opposed by Ptah (lawful) and Thoth (neutral).
 You were right-handed.
 You were in the Dungeons of Doom, on level 6.
 You entered the dungeon 3104 turns ago.
 It was nighttime.
 You had 339 experience points, 301 more were needed to attain level 7.

Basics:
 You had 0 out of 42 hit points.
 You had 52 out of 59 energy points (spell power).
 Your armor class was 10.
 Your wallet was empty.
 Autopickup was off.

Final Characteristics:
 Your strength was 12 (limit:18).
 Your dexterity was 12 (peak:13, limit:18).
 Your constitution was 15 (limit:16).
 Your intelligence was 20 (limit:20).
 Your wisdom was 10 (limit:20).
 Your charisma was 10 (limit:18).

Final Status:
 You weren't hungry.
 You were burdened; movement was slightly slowed.
 You were wielding a quarterstaff.
 You had basic skill with quarterstaff.

Final Attributes:
 You were piously aligned.
 You were magic-protected.
 You were sleep resistant.
 You were poison resistant.
 You were telepathic.
 You had infravision.
 You had slower digestion.
 You were warded.
 You are dead.

Miscellaneous:
 You encountered 1 bones level.
 Total elapsed playing time was 23 minutes and 33 seconds.

Major events:
 Turn
    1: IanCurtis the chaotic male elven Wizard entered the dungeon
  771: entered the Gnomish Mines
  794: attained the rank of Conjurer (level 3)
 2326: entered Sokoban
 2973: attained the rank of Thaumaturge (level 6)
 3104: killed by a gold golem

Spells:
 Name                 Level Category     Fail Retention
 force bolt             1   attack         0%   81%-90%
 drain life             2   attack         0%   81%-90%

Skills:
 Fighting Skills
   bare handed combat [Unskilled]
   riding             [Unskilled]
 Weapon Skills
   dagger             [Unskilled]
   knife              [Unskilled]
   axe                [Unskilled]
   short sword        [Unskilled]
   club               [Unskilled]
   mace               [Unskilled]
   quarterstaff       [Basic]
   polearms           [Unskilled]
   spear              [Unskilled]
   trident            [Unskilled]
   sling              [Unskilled]
   dart               [Unskilled]
   shuriken           [Unskilled]
 Spellcasting Skills
   attack spells      [Basic]
   healing spells     [Unskilled]
   divination spells  [Unskilled]
   enchantment spells [Basic]
   clerical spells    [Unskilled]
   escape spells      [Unskilled]
   matter spells      [Unskilled]

Voluntary challenges:
 Character rerolling was not enabled.
 You were an atheist.
 You were illiterate.
 You never genocided any monsters.
 You never polymorphed an object.
 You never changed form.
 You used no wishes.
 You did not violate any of the special Sokoban rules.
Achievements:
 You entered a shop.
 You entered the Gnomish Mines.
 You attained the rank of Conjurer.
 You entered Sokoban.
 You attained the rank of Thaumaturge.

 The Dungeons of Doom: levels 1 to 7
    Level 1:
       A fountain.
    Level 2:
       A food shop.
    Level 3:
       A fountain.
       Stairs down to The Gnomish Mines.
    Level 4:
       A fountain.
    Level 5:
       A general store.
    Level 6: <- You were here.
       Many fountains.
       Oracle of Delphi.
       Final resting place for
          you, killed by a gold golem,
          jannesarvikivi-Sam-Hum-Mal-Law, killed by a gold golem.
    Level 7:
       Some fountains, a sink.
       Stairs up to Sokoban, level 6.
 The Gnomish Mines:
    Level 4:
 Sokoban:
    Level 6:
       Unsolved.


Vanquished creatures:
  a leprechaun
  a brown pudding
  3 lizards
  a dust vortex
  a mountain nymph
  a gnome leader
  3 black naga hatchlings
  a gray ooze
  2 floating eyes
  2 dwarves
 an orc zombie
  a dwarf zombie
  5 iguanas
  a coyote
  a large kobold
  2 cave spiders
  4 gnomes
  a garter snake
  3 geckos
  2 jackals
  a kobold
  a goblin
  3 lichens
  6 newts
48 creatures vanquished.

No species were genocided or became extinct.

Game over:
                       ----------
                      /          \
                     /    REST    \
                    /      IN      \
                   /     PEACE      \
                  /                  \
                  |    IanCurtis     |
                  |       0 Au       |
                  | killed by a gold |
                  |      golem       |
                  |                  |
                  |                  |
                  |       2026       |
                 *|     *  *  *      | *
        _________)/\\_//(\/(/\)/\//\/|_)_______

Goodbye IanCurtis the Wizard...

You died in The Dungeons of Doom on dungeon level 6 with 1656 points,
and 0 pieces of gold, after 3104 moves.
You were level 6 with a maximum of 42 hit points when you died.

